 Dungeon Crawl Stone Soup version 0.27-a0-660-g90476cec82 (webtiles) character file.

Game seed: 1595787974750664640

196 srzhan31 the Firebug (level 5, -1/31 HPs)
             Began as an Octopode Fire Elementalist on Mar 17, 2021.
             Slain by a worm (6 damage)
             ... on level 3 of the Dungeon.
             The game lasted 00:12:16 (3856 turns).

srzhan31 the Firebug (Octopode Fire Elementalist)   Turns: 3856, Time: 00:12:17

Health: -1/31      AC:  1    Str:  8    XL:     5   Next: 74%
Magic:  2/9        EV: 13    Int: 18    God:
Gold:   147        SH:  0    Dex: 12    Spells: 9/10 levels left

rFire    . . .     SeeInvis .   (no weapon)
rCold    . . .     Faith    .   (no shield)
rNeg     . . .     Spirit   .   (helmet restricted)
rPois    .         Reflect  .   (no amulet)
rElec    .         Harm     .   e - ring of willpower
rCorr    .         Rampage  .   (no ring)
Will     +....                  (no ring)
Stlth    +++.......             (no ring)
HPRegen  0.10/turn              (no ring)
MPRegen  0.11/turn              (no ring)
                                (no ring)
                                (no ring)

@: no status effects
A: almost no armour, amphibious, 8 rings, camouflage 1, gelatinous body 1,
nimble swimmer 1, tentacles
a: no special abilities


You were on level 3 of the Dungeon.
You visited 1 branch of the dungeon, and saw 3 of its levels.

You collected 147 gold pieces.

Inventory:

Jewellery
 e - a ring of willpower (left tentacle)
 n - an amulet of faith
Wands
 j - a wand of paralysis (4)
Scrolls
 d - 4 scrolls of teleportation {unknown}
 h - 4 scrolls of identify {unknown}
 k - a scroll of noise {unknown}
 l - 2 scrolls of enchant weapon {unknown}
Potions
 a - 4 potions of resistance {unknown}
 b - a potion of heal wounds {unknown}
 c - 4 potions of curing {unknown}
 f - 3 potions of brilliance {unknown}
 g - 2 potions of invisibility {unknown}
 i - 2 potions of degeneration {unknown}
 m - a potion of cancellation {unknown}


   Skills:
 * Level 2.6 Dodging
 * Level 3.7 Stealth
 * Level 1.2 Shields
 * Level 3.1 Spellcasting
 * Level 2.2 Conjurations
 * Level 4.0 Fire Magic


You had 9 spell levels left.
You knew the following spells:

 Your Spells              Type           Power      Damage    Failure   Level
a - Foxfire               Conj/Fire      56%        2x1d6     4%          1

Your spell library contained the following spells:

 Spells                   Type           Power      Damage    Failure   Level
 Conjure Flame            Conj/Fire      14%        6-21      13%         3
 Inner Flame              Hex/Fire       10%        N/A       22%         3
 Sticky Flame             Conj/Fire      14%        2d4       41%         4
 Fireball                 Conj/Fire      7%         3d5       77%         5


Dungeon Overview and Level Annotations

Branches:
Dungeon (3/15)

Altars:


Innate Abilities, Weirdness & Mutations

You cannot wear most types of armour.
You are amphibious.
You can wear up to eight rings at the same time.
Your skin changes colour to match your surroundings (Stealth+).
Your rubbery body absorbs attacks. (AC +1, EV +1)
You are stealthy while swimming. (Stealth+)
You have tentacles for arms and can constrict up to eight enemies at once.


Message History

The adder misses you.
Casting: Foxfire (safe; 4% risk of failure)
Press: ? - help, Q - select action, (/) - cycle Dir - look around, f - activate You miscast Foxfire.
You are very lightly contaminated with residual magic.
Nothing appears to happen.
The adder misses you. The adder barely misses you.
You don't have enough magic to cast this spell.
You don't have enough magic to cast this spell.
There is an open door here.
The adder bites you. The adder misses you.
Your magical contamination has completely faded away.
The quokka bites you. The adder bites you.
* * * LOW HITPOINT WARNING * * *
You tentacle-slap the quokka. You grab the quokka.
The quokka is moderately wounded.
You constrict the quokka. The quokka closely misses you.
The adder barely misses you.
You barely miss the adder. Your grab misses the adder.
The adder is severely wounded.
You constrict the quokka. The adder closely misses you.
The quokka barely misses you.
You tentacle-slap the adder but do no damage.
Your grab misses the adder.
The adder is severely wounded.
You constrict the quokka.
You kill the quokka!
The adder bites you.
* * * LOW HITPOINT WARNING * * *
The adder closely misses you.
Aiming: Paralyse
Press: ? - help, Shift-Dir - straight line, f - adder
Aim: an adder (severely wounded, chance to affect: 54%)
The adder suddenly stops moving!
The helpless adder fails to defend itself.
You tentacle-slap the adder. You grab the adder.
The adder is severely wounded.
You constrict the adder. The worm bites you.
You die...

....# ##)##.#####.##....# #.###
##### #...#.#####.#..######.#
#...###...###..##...### # ..#.#
#...##.....##)##.....# # #.#.#
#...##...(.....÷.....# # ..#.#
#...##.....#####.÷÷..# # ..#.#
#....##...##...##...#####
..#.#####...####w##.....##.##....
...............#@#.......#.#.....
[..............#S#...:...#.#.....
...............#.#.......#w#.....
..#..####...####.##..)..##.##....
.##..####....##...##...##...#####
)##..##......#.....##'##.....#
.....##.#...##........(....).####
.######.#..(##.....#####.....##..
.# #.#....##...####.##...###.#


You could see a worm and an adder (paralysed).

Vanquished Creatures
  Natasha (D:2)
  An orc wizard (D:3)
  4 adders
  3 oozes (D:1)
  3 worms
  3 dart slugs
  2 leopard geckos (D:3)
  5 orcs (D:3)
  3 ball pythons
  3 giant cockroaches
  8 goblins
  4 hobgoblins
  3 jackals (D:1)
  10 kobolds
  7 quokkas
  6 bats
  A frilled lizard (D:1)
  10 rats
77 creatures vanquished.

Vanquished Creatures (others)
  290 foxfires
290 creatures vanquished.

Grand Total: 367 creatures vanquished

Notes
Turn   | Place    | Note
-------+----------+-------------------------------------------
     0 | D:1      | srzhan31 the Octopode Fire Elementalist began the quest for
                  | the Orb.
     0 | D:1      | Reached XP level 1. HP: 11/11 MP: 3/3
   464 | D:1      | Reached XP level 2. HP: 13/17 MP: 0/5
   691 | D:1      | Reached XP level 3. HP: 21/21 MP: 1/6
  1897 | D:2      | Reached XP level 4. HP: 26/27 MP: 3/7
  2107 | D:2      | Noticed Natasha
  2113 | D:2      | Killed Natasha
  2368 | D:2      | Reached XP level 5. HP: 25/31 MP: 5/9
  2935 | D:3      | Reached skill level 1 in Shields
  3158 | D:3      | Reached skill level 4 in Fire Magic
  3856 | D:3      | Slain by a worm

Illustrated notes

Levels and vault maps discovered:
D:1:      onia_arrival_handbag, layout_rooms
D:2:      layout_basic, uniq_natasha
D:3:      minmay_octagon_keep, layout_loops_cross

Skill      XL: |  1  2  3  4  5 |
---------------+----------------+-----
Stealth        | 3 |  3.7
Conjurations   | 2 |  2.2
Shields        | 1 |  1.2
Spellcasting   | 3 |  3.1
Fire Magic     | 4 |  4.0
Dodging        | |  2.6

Action                   |  1- 3 |  4- 6 || total
-------------------------+-------+-------++-------
Melee: Unarmed           |     4 |     4 ||     8
       Constrict         |       |     2 ||     2
 Cast: Foxfire           |    81 |    90 ||   171
Evoke: Wand              |       |     1 ||     1
 Stab: Paralysed         |       |     1 ||     1
Armor: Skin              |    12 |     1 ||    13
Dodge: Dodged            |    58 |    29 ||    87

Table legend: (Time is in decaauts)
 A = Elapsed time spent in this place.
 B = Non-inter-level travel time spent in this place.
 C = Inter-level travel time spent in this place.
 D = Time resting spent in this place.
 E = Time spent auto-exploring this place.
 F = Levels seen in this place.
 G = Mean time per level.
                   A        B        C        D        E       F      G
               +--------+--------+--------+--------+--------+-----+--------+
         Total |   3855 |   3855 |      0 |      0 |   2786 |   3 | 1285.0 |
       Dungeon |   3855 |   3855 |      0 |      0 |   2786 |   3 | 1285.0 |
               +--------+--------+--------+--------+--------+-----+--------+

Top non-repeatable levels by time:
     D:1: 1609 daAuts
     D:2: 1170 daAuts
     D:3: 1074 daAuts
